 Dungeon Crawl Stone Soup version 0.21-a0-440-g28109cb (webtiles) character file.

2083 zxpr0jk the Ducker (level 9, 0/61 HPs)
             Began as a Halfling Gladiator on Nov 11, 2017.
             Killed from afar by cellescent's ghost (18 damage)
             ... with a flame tongue
             ... on level 7 of the Dungeon.
             The game lasted 00:14:03 (5257 turns).

zxpr0jk the Ducker (Halfling Gladiator)             Turns: 5257, Time: 00:14:04

Health: 0/61       AC: 13    Str: 18    XL:     9   Next: 51%
Magic:  0/11       EV: 23    Int:  6    God:
Gold:   341        SH:  0    Dex: 24    Spells: 9/11 levels left

rFire    . . .     SeeInvis .   a - +0 long sword
rCold    + . .     Gourm    .   (shield restricted)
rNeg     . . .     Faith    .   u - +2 scale mail {rC+}
rPois    +         Spirit   +   c - +0 helmet
rElec    .         Reflect  .   (no cloak)
rCorr    .         Harm     .   o - +0 pair of gloves
MR       .....                  w - +1 pair of boots {Stlth+}
Stlth    ++++......             k - amulet of guardian spirit
HPRegen  0.20/turn              r - +3 ring of strength
MPRegen  0.12/turn              z - ring of poison resistance

@: agile, lethally poisoned (0 -> -2)
A: mutation resistance 1
a: no special abilities


You were on level 7 of the Dungeon.
You were not hungry.

You visited 1 branch of the dungeon, and saw 7 of its levels.

You collected 341 gold pieces.

Inventory:

Hand Weapons
 a - a +0 long sword (weapon)
Armour
 c - a +0 helmet (worn)
 o - a +0 pair of gloves (worn)
 u - a +2 scale mail of cold resistance (worn)
 w - a +1 pair of boots of stealth (worn)
Jewellery
 k - an amulet of guardian spirit (around neck)
 r - a +3 ring of strength (left hand)
 x - an uncursed ring of resist corrosion
 z - a ring of poison resistance (right hand)
Wands
 d - a wand of disintegration (6/24)
 t - a wand of lightning (8/15)
 y - a wand of scattershot (5/9)
 I - a wand of iceblast (3/15)
Scrolls
 e - a scroll of teleportation
 i - 4 scrolls of recharging {unknown}
 n - 5 scrolls of fear {unknown}
 p - a scroll of fog {unknown}
 D - a scroll of enchant weapon {unknown}
 E - a scroll of noise {unknown}
 F - 3 scrolls of magic mapping {unknown}
 G - 2 scrolls of enchant armour {unknown}
 H - a scroll of remove curse
Potions
 g - 3 potions of curing
 h - 2 potions of might {unknown}
 l - 2 potions of lignification {unknown}
 v - a potion of flight
 A - a potion of resistance {unknown}
 B - a potion of degeneration {unknown}
Books
 m - a book of Minor Magic

   Spells                             Type                      Level
   a - Magic Dart                     Conjuration                  1
   b - Blink                          Translocation                2
   c - Call Imp                       Summoning                    2
   d - Slow                           Hexes                        2
   e - Conjure Flame                  Conjuration/Fire             3
   f - Mephitic Cloud                 Conjuration/Poison/Air       3
Comestibles
 b - 3 fruits
 f - 3 bread rations
 s - 3 royal jellies


   Skills:
 + Level 5.0 Fighting
 + Level 5.9 Long Blades
 - Level 4.7 Throwing
 * Level 4.3 Armour
 + Level 6.6 Dodging
 + Level 4.5 Stealth
 + Level 1.9 Spellcasting


You had 9 spell levels left.
You knew the following spells:

 Your Spells              Type           Power        Failure   Level  Hunger
a - Blink                 Tloc           N/A          88%         2    ###....


Dungeon Overview and Level Annotations

Branches:
Dungeon (7/15)             Temple (0/1) D:6

Altars:
Gozag

Shops:
D:6 %

Annotations:
D:7 cellescent's ghost, novice GnWn


Innate Abilities, Weirdness & Mutations

You are small and have problems with some larger weapons.
You are somewhat resistant to further mutation.


Message History

Cellescent's ghost hits you but does no damage.
Unknown command.
You hit cellescent's ghost.
Cellescent's ghost is heavily damaged.
You feel sick.
Cellescent's ghost hits you but does no damage.
You hit cellescent's ghost but do no damage.
Cellescent's ghost is heavily damaged.
Cellescent's ghost completely misses you.
You hit cellescent's ghost.
Cellescent's ghost is severely damaged.
Cellescent's ghost points at you and mumbles some strange words.
The flame tongue hits you!
* * * LOW HITPOINT WARNING * * *
You slash cellescent's ghost!
Cellescent's ghost is severely damaged.
Cellescent's ghost closely misses you.
Cellescent's ghost gestures at you while chanting.
The flame tongue hits you!
You die...

.......... .......
...... ##### #...#
##+####...###...##
.............<...#
..<.b............#
...b.............#
..#####.##@##.#..#
.##>#####W##+####
..bb.b........#
....b.........#
..............#
###.##.##....## #
## ######


You could see cellescent's ghost.

Vanquished Creatures
  An ice beast (D:6)
  A phantom (D:6)
  4 ogres
  The ghost of Chalrif the Conjurer, an amateur DgCj (D:3)
  A centaur (D:5)
  5 bullfrogs
  A scorpion (D:6)
  A bullfrog zombie (D:5)
  2 centaur zombies (D:6)
  2 orc priests
  3 hounds
  4 jellies
  A bullfrog skeleton (D:6)
  A centaur skeleton (D:6)
  Ijyb (D:5)
  An iguana (D:6)
  Terence (D:2)
  5 worker ants
  3 orc wizards
  A worker ant zombie (D:6)
  5 gnolls
  11 adders
  A howler monkey skeleton (D:4)
  3 shadow imps
  2 oozes (D:3)
  An adder skeleton (D:6)
  4 worms
  3 dart slugs (D:1)
  2 leopard geckos
  18 orcs
  9 bats
  3 giant cockroaches
  10 goblins
  9 hobgoblins
  11 jackals
  A quokka (D:2)
  4 ball pythons
  A ball python zombie (D:6)
  9 frilled lizards
  3 kobolds
  A leopard gecko skeleton (D:6)
  A quokka skeleton (D:6)
  11 rats
163 creatures vanquished.

Notes
Turn   | Place    | Note
-------+----------+-------------------------------------------
     0 | D:1      | zxpr0jk the Halfling Gladiator began the quest for the Orb.
     0 | D:1      | Reached XP level 1. HP: 14/14 MP: 1/1
    55 | D:1      | Reached XP level 2. HP: 12/19 MP: 2/2
   333 | D:1      | Reached XP level 3. HP: 24/24 MP: 3/3
   824 | D:1      | Reached XP level 4. HP: 25/30 MP: 4/4
  1092 | D:2      | Noticed Terence
  1108 | D:2      | Killed Terence
  1108 | D:2      | Reached skill level 4 in Dodging
  1387 | D:2      | Reached XP level 5. HP: 35/35 MP: 5/5
  1950 | D:3      | Found an opulent altar of Gozag.
  2046 | D:3      | Noticed Chalrif's ghost (amateur DgCj)
  2088 | D:3      | Killed Chalrif's ghost
  2088 | D:3      | Reached XP level 6. HP: 34/42 MP: 6/6
  2723 | D:4      | Noticed an ogre
  2743 | D:4      | Reached XP level 7. HP: 38/46 MP: 7/7
  2752 | D:4      | Reached skill level 5 in Dodging
  3407 | D:5      | Entered Level 5 of the Dungeon
  3496 | D:5      | Reached skill level 5 in Long Blades
  3496 | D:5      | Reached XP level 8. HP: 50/54 MP: 6/8
  3601 | D:5      | Reached skill level 1 in Stealth
  3689 | D:5      | Noticed Ijyb
  3708 | D:5      | Killed Ijyb
  4207 | D:6      | Learned a level 2 spell: Blink
  4221 | D:6      | Reached skill level 1 in Armour
  4279 | D:6      | Found Ikkagus's Food Boutique.
  4371 | D:6      | Reached skill level 6 in Dodging
  4436 | D:6      | Reached skill level 1 in Spellcasting
  4449 | D:6      | Reached XP level 9. HP: 34/59 MP: 7/10
  4792 | D:6      | Found a staircase to the Ecumenical Temple.
  5219 | D:7      | Noticed cellescent's ghost (novice GnWn)
  5236 | D:7      | Reached skill level 5 in Fighting
  5257 | D:7      | Killed from afar by cellescent's ghost

Vault maps used:
D:1:      evilmike_arrival_crescent
D:2:      first_bread, uniq_terence
D:3:      overflow_temple_1_default
D:5:      uniq_ijyb
D:6:      minmay_temple_entry_from_below_a, serial_shops, shop,
          grunt_ministairs_11, nzn_random_ring

Skill      XL: |  1  2  3  4  5  6  7  8  9 |
---------------+----------------------------+-----
Fighting       | 2 3 4 5 |  5.0
Dodging        | 4 5 6 |  6.6
Throwing       | 3 4 |  4.7
Long Blades    | 4 5 |  5.9
Stealth        | 3 4 |  4.5
Armour         | 2 4 |  4.3
Spellcasting   | 1 |  1.9

Action                   |  1- 3 |  4- 6 |  7- 9 || total
-------------------------+-------+-------+-------++-------
Melee: Long sword        |    95 |   169 |   332 ||   596
Throw: Throwing net      |       |     3 |     4 ||     7
  Use: Scroll            |       |     5 |     1 ||     6
       Potion            |       |     3 |     1 ||     4
 Stab: Held in net/web   |       |     3 |       ||     3
       Sleeping          |       |       |     5 ||     5
  Eat: Chunk             |       |     2 |     9 ||    11
       Bread ration      |       |     1 |       ||     1
Armor: Leather armour    |    24 |     1 |       ||    25
       Scale mail        |       |    67 |    84 ||   151
Dodge: Dodged            |   111 |   115 |   280 ||   506
       Rpst.: Long sword |    31 |    32 |    89 ||   152

Table legend:
 A = Spawn XP
 B = Non-spawn XP
 C = Spawn XP percentage of total XP
 D = Spawn monster count
 E = Non-spawn monster count
 F = Spawn count percentage of total count
 G = Total turns spent on level
                    A         B        C        D         E        F      G
               +---------+---------+-------+---------+---------+-------+---------
         Total |       0 |    2976 |   0.0 |       0 |     163 |   0.0 |  5257
               +---------+---------+-------+---------+---------+-------+---------
           D:1 |       0 |      73 |   0.0 |       0 |      32 |   0.0 |   983
           D:2 |       0 |     106 |   0.0 |       0 |      23 |   0.0 |   954
           D:3 |       0 |     267 |   0.0 |       0 |      30 |   0.0 |   670
           D:4 |       0 |     498 |   0.0 |       0 |      31 |   0.0 |   800
           D:5 |       0 |     335 |   0.0 |       0 |      10 |   0.0 |   774
           D:6 |       0 |    1564 |   0.0 |       0 |      35 |   0.0 |  1023
           D:7 |       0 |     133 |   0.0 |       0 |       2 |   0.0 |    53
               +---------+---------+-------+---------+---------+-------+---------
